 Dungeon Crawl Stone Soup version 0.24-a0-539-g6aae15eeb0 (webtiles) character file.

Game seed: 2364253281311530086

108 Gynju the Sneak (level 4, -3/21 HPs)
             Began as a Spriggan Enchanter on Aug 16, 2019.
             Slain by an orc
             ... wielding a +0 trident of venom
              (7 damage)
             ... on level 3 of the Dungeon on Aug 17, 2019.
             The game lasted 00:04:47 (2456 turns).

Gynju the Sneak (Spriggan Enchanter)                Turns: 2456, Time: 00:04:47

Health: -3/21      AC:  2    Str:  4    XL:     4   Next: 58%
Magic:  6/10       EV: 17    Int: 17    God:
Gold:   108        SH:  6    Dex: 16    Spells: 6/9 levels left

rFire    . . .     SeeInvis +   a - +1 dagger
rCold    . . .     Gourm    .   c - +0 buckler
rNeg     . . .     Faith    .   b - +0 robe
rPois    .         Spirit   .   (helmet restricted)
rElec    .         Reflect  .   (no cloak)
rCorr    .         Harm     .   (gloves unavailable)
MR       .....                  (boots unavailable)
Stlth    +++.......             (no amulet)
HPRegen  0.07/turn              (no ring)
MPRegen  0.12/turn              (no ring)

@: very quick
A: very small, unfitting armour, see invisible, herbivore, speed 3, slow
metabolism 2
a: no special abilities


You were on level 3 of the Dungeon.
You were very hungry.

You visited 1 branch of the dungeon, and saw 3 of its levels.

You collected 108 gold pieces.

Inventory:

Hand Weapons
 a - a +1 dagger (weapon)
Armour
 b - a +0 robe (worn)
 c - a +0 buckler (worn)
Jewellery
 h - a +1 ring of evasion {unknown}
 o - an uncursed ring of protection from magic {unknown}
Scrolls
 f - 4 scrolls of identify {unknown}
 i - a scroll of teleportation {unknown}
 j - a scroll of remove curse {unknown}
 k - 2 scrolls of amnesia {unknown}
 l - a scroll of immolation {unknown}
 m - a scroll of blinking {unknown}
 p - a scroll of enchant weapon {unknown}
Potions
 e - a potion of flight {unknown}
 g - a potion of might {unknown}
 n - 2 potions of cancellation {unknown}
 q - a potion of curing {unknown}
Comestibles
 d - 5 rations


   Skills:
 - Level 1.1 Short Blades
 - Level 3.0 Dodging
 * Level 5.8 Stealth
 * Level 1.3 Shields
 + Level 3.3 Spellcasting
 * Level 4.7 Hexes


You had 6 spell levels left.
You knew the following spells:

 Your Spells              Type           Power        Failure   Level  Hunger
a - Corona                Hex            ###....      3%          1    None
b - Ensorcelled Hibernat  Hex/Ice        ##....       14%         2    ##.....

Your spell library contained the following spells:

 Spells                   Type           Power        Failure   Level  Hunger
 Confuse                  Hex            ###.....     11%         3    ###....
 Tukima's Dance           Hex            ###.....     11%         3    ###....
 Dazzling Spray           Conj/Hex       ##....       28%         3    ###....


Dungeon Overview and Level Annotations

Branches:
Dungeon (2/15)

Altars:


Innate Abilities, Weirdness & Mutations

You are very small and have problems with some larger weapons.
You are too small for most types of armour.
You have supernaturally acute eyesight. (SInv)
You are a herbivore.
You cover ground extremely quickly.
You need to consume almost no food.


Message History

Aiming: Ensorcelled Hibernation (safe; 14% risk of failure)
Press: ? - help, Shift-Dir - straight line, f - orc priest
Aim: an orc priest, wielding a +0 flail and wearing a +0 leather armour (hasn't noticed you, chance to defeat MR: 41%)
The orc priest shouts!
The orc priest resists with some effort.
The orc priest hits you with a +0 flail!
Casting: Ensorcelled Hibernation (safe; 14% risk of failure)
Confirm with . or Enter, or press ? or * to list all spells.
Aiming: Ensorcelled Hibernation (safe; 14% risk of failure)
Press: ? - help, Shift-Dir - straight line, f/p - orc priest
Aim: an orc priest, wielding a +0 flail and wearing a +0 leather armour (chance to defeat MR: 41%)
The orc priest resists with some effort.
The orc misses you.
The orc priest invokes the aid of Beogh against you.
Beogh smites you!
Ouch! That really hurt!
* * * LOW HITPOINT WARNING * * *
A dart slug comes into view.
The orc hits you from afar with a +0 trident of venom!
You die...

........# #).#
#.#####
..#.##..#.. #.##.#
#.#
..+...###...#..#.#
#)##### ..##..#
..#.8### #)....#
..# ..#
.'..#..###.)...#
### #.#
#.P##.'.'.....# .#
#oo.#..##.....# ..
#.o.##........#
..#
#...@..#.#'##.#
#......#.#....#
#..8##.#.######
#.P.#..#.#
#..##.##.. .w.. #.
##. ..#.. .. .
..#P. #.


You could see an orc priest, a dart slug and 2 orcs.

Vanquished Creatures
  Jessica (D:2)
  Terence (D:3)
  An ooze (D:3)
  A dart slug (D:1)
  A leopard gecko (D:3)
  3 orcs (D:3)
  6 bats
  4 giant cockroaches
  7 goblins
  6 hobgoblins
  9 kobolds
  A frilled lizard (D:1)
  5 rats
46 creatures vanquished.

Vanquished Creatures (others)
  A plant (D:3)
1 creature vanquished.

Grand Total: 47 creatures vanquished

Notes
Turn   | Place    | Note
-------+----------+-------------------------------------------
     0 | D:1      | Gynju the Spriggan Enchanter began the quest for the Orb.
     0 | D:1      | Reached XP level 1. HP: 9/9 MP: 5/5
   406 | D:1      | Reached XP level 2. HP: 13/13 MP: 6/6
   410 | D:1      | Learned a level 2 spell: Ensorcelled Hibernation
  1128 | D:1      | Reached skill level 5 in Stealth
  1277 | D:1      | Upgraded the game from 0.24-a0-537-g2d01d4ab0a to
                  | 0.24-a0-539-g6aae15eeb0
  1283 | D:2      | Noticed Jessica
  1284 | D:2      | Killed Jessica
  1284 | D:2      | Reached skill level 1 in Shields
  1284 | D:2      | Reached XP level 3. HP: 16/16 MP: 6/8
  1711 | D:2      | You fall into a shaft and drop 1 floor!
  1848 | D:3      | Noticed Terence
  1854 | D:3      | Killed Terence
  1854 | D:3      | Reached XP level 4. HP: 21/21 MP: 6/9
  2456 | D:3      | Slain by an orc

Levels and vault maps discovered:
D:1:      lemuel_arrival_room, layout_basic
D:2:      layout_loops_cross, uniq_robin, uniq_crazy_yiuf_cottage, uniq_jessica,
          uniq_sigmund
D:3:      layout_basic, chequers_ecumenical_altar_lobes, uniq_terence

Skill      XL: |  1  2 |
---------------+-------+-----
Hexes          | 4 |  4.7
Stealth        | 5 |  5.8
Shields        | 1 |  1.3
Spellcasting   | 3 |  3.3
Short Blades   | |  1.1
Dodging        | |  3.0

Action                   |  1- 3 |  4- 6 || total
-------------------------+-------+-------++-------
Melee: Dagger            |   148 |    40 ||   188
 Cast: Corona            |     5 |       ||     5
       Ensorcelled Hiber |    11 |    14 ||    25
 Stab: Sleeping          |    12 |     8 ||    20
Armor: Robe              |    21 |     2 ||    23
Dodge: Dodged            |   108 |    31 ||   139
Block: Buckler           |    31 |     7 ||    38

Table legend:
 A = Non-vault XP
 B = Vault XP
 C = Vault XP percentage of total XP
 D = Non-vault monster count
 E = Vault monster count
 F = Vault count percentage of total count
                 A         B        C        D         E       F
            +---------+---------+-------+---------+---------+-------
      Total |      82 |      73 |  47.1 |      44 |       2 |   4.3
            +---------+---------+-------+---------+---------+-------
        D:1 |      38 |       0 |   0.0 |      22 |       0 |   0.0
        D:2 |       9 |      37 |  80.4 |       7 |       1 |  12.5
        D:3 |      35 |      36 |  50.7 |      15 |       1 |   6.2
            +---------+---------+-------+---------+---------+-------
